 Dungeon Crawl Stone Soup version 0.31-a0-18-gea43df2a32 (webtiles) character file.

Game seed: 15804835123180614775

11918 greenreed the Destroyer (level 11, -10/74 HPs)
             Began as a Grey Draconian Conjurer on May 10, 2023.
             Was an Elder of Vehumet.
             Killed from afar by Frances (17 damage)
             ... with an iron shot
             ... on level 12 of the Dungeon.
             The game lasted 00:28:57 (13690 turns).

greenreed the Destroyer (Grey Draconian Conjurer)  Turns: 13690, Time: 00:28:58

Health: -10/74     AC: 19    Str: 11    XL:     11   Next: 55%
Magic:  24/33      EV: 14    Int: 20    God:    Vehumet [****..]
Gold:   570        SH:  0    Dex: 11    Spells: 20/29 levels left

rFire   . . .        C - +0 dagger "Ycsek" {protect, SInv}
rCold   . . .        (no shield)
rNeg    . . .        (body armour unavailable)
rPois   .            (helmet restricted)
rElec   .            f - +0 cloak
rCorr   .            N - +1 pair of gloves {infuse}
SInv    +            (no boots)
Will    .....        y - amulet of faith
Stlth   +++          i - +4 ring of protection
HPRegen 0.32/turn    j - ring of magical power
MPRegen 0.23/turn

%: faith, infuse magic (1 MP)
@: no status effects
A: AC +12, amphibious, unfitting armour, cold-blooded
a: Renounce Religion


You were on level 12 of the Dungeon.
You worshipped Vehumet.
Vehumet was greatly pleased with you.
You visited 1 branch of the dungeon, and saw 12 of its levels.

You collected 757 gold pieces.
You spent 187 gold pieces at shops.

Inventory:

Hand Weapons
 C - the +0 dagger "Ycsek" (weapon) {protect, SInv}
   (You found it on level 4 of the Dungeon)

   SInv:      It lets you see invisible.
Missiles
 r - 14 atropa-tipped darts
Armour
 f - a +0 cloak (worn)
 N - a +1 pair of gloves of infusion (worn)
Jewellery
 i - a +4 ring of protection (left hand)
 j - a ring of magical power (right hand)
 o - a ring of resist corrosion
 v - a +6 ring of dexterity
 y - an amulet of faith (around neck)
 B - a +5 ring of evasion
 F - an amulet of magic regeneration
 R - an amulet of regeneration
Wands
 w - a wand of flame (20)
 G - a wand of mindburst (14)
 K - a wand of polymorph (4)
 S - a wand of charming (5)
Scrolls
 c - 3 scrolls of fog {unknown}
 e - 5 scrolls of identify {unknown}
 g - 4 scrolls of teleportation {unknown}
 h - 3 scrolls of silence {unknown}
 k - 9 scrolls of fear {unknown}
 n - 2 scrolls of enchant weapon {unknown}
 q - 3 scrolls of enchant armour {unknown}
 t - 3 scrolls of immolation
 x - a scroll of vulnerability {unknown}
 E - 3 scrolls of noise {unknown}
 H - 4 scrolls of blinking {unknown}
 I - 2 scrolls of magic mapping {unknown}
 L - a scroll of brand weapon {unknown}
 O - 2 scrolls of acquirement {unknown}
 P - 2 scrolls of poison {unknown}
 T - 2 scrolls of butterflies {unknown}
Potions
 a - a potion of magic
 b - a potion of berserk rage {unknown}
 d - a potion of flight {unknown}
 l - 2 potions of invisibility {unknown}
 m - 3 potions of mutation {unknown}
 p - 6 potions of might {unknown}
 s - a potion of haste {unknown}
 u - 5 potions of lignification {unknown}
 z - 3 potions of resistance {unknown}
 A - 2 potions of brilliance {unknown}
 D - 3 potions of attraction {unknown}
 J - a potion of ambrosia {unknown}
 M - 4 potions of curing {unknown}
 Q - 2 potions of degeneration {unknown}
 V - a potion of heal wounds {unknown}
Miscellaneous
 U - a lightning rod (4/4)


   Skills:
 + Level 6.8 Dodging
 + Level 7.3 Stealth
 * Level 9.5 Spellcasting
 * Level 10.9 Conjurations
 + Level 7.6 Earth Magic


You had 20 spell levels left.
You knew the following spells:

 Your Spells              Type           Power      Damage    Failure   Level
a - Magic Dart            Conj           100%       1d8       1%          1
b - Searing Ray           Conj           100%       2d8       1%          2
c - Stone Arrow           Conj/Erth      92%        3d12      1%          3
d - Ignite Poison         Fire/Tmut/Pois 9%         N/A       6%          3

Your spell library contained the following spells:

 Spells                   Type           Power      Damage    Failure   Level
 Hailstorm                Conj/Ice       31%        3d8       1%          3
 Momentum Strike          Conj/Tloc      62%        3d9       1%          2
 Dazzling Flash           Conj/Hex       62%        N/A       1%          3
 Fulminant Prism          Conj/Hex       15%        3d10      2%          4
 Iskenderun's Mystic Bla  Conj/Tloc      31%        2d8       2%          4
 Poisonous Vapours        Pois/Air       18%        N/A       3%          2
 Irradiate                Conj/Tmut      15%        3d16      6%          5
 Beastly Appendage        Tmut           18%        N/A       8%          1
 Sting                    Tmut/Pois      36%        1d4       8%          1
 Blink                    Tloc           18%        N/A       11%         2
 Ensorcelled Hibernation  Hex/Ice        18%        N/A       11%         2
 Lesser Beckoning         Tloc           18%        N/A       11%         2
 Sublimation of Blood     Necr           9%         N/A       11%         2
 Wereblood                Tmut           9%         N/A       11%         2
 Petrify                  Tmut/Erth      24%        N/A       16%         4
 Olgreb's Toxic Radiance  Pois           9%         N/A       19%         4
 Spider Form              Tmut/Pois      9%         N/A       22%         3
 Anguish                  Hex/Necr       4%         N/A       58%         4
 Cause Fear               Hex            4%         N/A       58%         4
 Ice Form                 Ice/Tmut       9%         N/A       58%         4
 Summon Lightning Spire   Summ/Air       9%         N/A       58%         4
 Blade Hands              Tmut           4%         N/A       90%         5
 Lehudib's Crystal Spear  Conj/Erth      23%        10d6      92%         8
 Dragon Form              Tmut           4%         N/A       100%        7
 Enfeeble                 Hex            4%         N/A       100%        7
 Animate Armour           Summ/Erth      Unusable   N/A       N/A         4

Dungeon Overview and Level Annotations

Branches:
Dungeon (12/15)            Temple (0/1) D:6            Lair (0/5) D:9
    Orc (0/2) D:10

Altars:
Cheibriados
Elyvilon
Fedhas
Hepliaklqana
Kikubaaqudgha
Nemelex Xobeh
Qazlal
Sif Muna
Trog
Uskayaw
Vehumet
Wu Jian
Xom
Zin

Shops:
D:2 [

Portals:
Trove: D:11 (give 6 scrolls of blinking)

Annotations:
D:3 1 runed translucent door, Crazy Yiuf
D:9 1 runed translucent door, mandoloar's ghost, novice HOFi
D:12 Frances


Innate Abilities, Weirdness & Mutations

Your dull iron-grey scales are very hard. (AC +12)
You are amphibious.
You cannot fit into any form of body armour.
You are cold-blooded and may be slowed by cold attacks.


Message History

You finish channelling your searing ray.
The vampire mosquito bites you but does no damage.
The vampire mosquito closely misses you.
The vampire mosquito closely misses you.
Casting: Searing Ray (safe; 1% risk of failure)
Confirm with . or Enter, or press ? or * to list all spells.
Aiming: Searing Ray (safe; 1% risk of failure)
Press: ? - help, Shift-Dir - straight line, f - vampire mosquito
Aim: a vampire mosquito (heavily damaged, 72% to hit)
The searing ray misses the vampire mosquito. (Press . to maintain the ray.)
The vampire mosquito barely misses you.
The vampire mosquito bites you but does no damage.
The searing ray hits the vampire mosquito.
The vampire mosquito is severely damaged.
The vampire mosquito closely misses you.
The searing ray hits the vampire mosquito!
You destroy the vampire mosquito!
Vehumet accepts your kill.
You feel your power returning.
Unknown command.
Frances chants phrases taken from a devil's mouth.
Frances seems to speed up.
Frances mutters in a terrible tongue.
Frances mutters in a terrible tongue.
The shard of ice misses you.
The sentinel's mark upon you fades away.
Frances chants phrases taken from a devil's mouth.
Frances says, "I am undefeated in single-handed combat."
Frances chants phrases taken from a devil's mouth.
The iron shot hits you!!
The orange demon screeches!
Frances attacks as you move away! Frances hits you with a +0 war axe!!
Frances hits you with a +0 war axe!
* * * LOW HITPOINT WARNING * * *
Frances hits you with a +0 war axe!
* * * LOW HITPOINT WARNING * * *
Frances screams a word of power!
The iron shot hits you!
You die...

....##.............†........###..
.........#.......4...............
....###.....#.....4.........##...
....###.....#.>##4#...#.###.##.##
###........##..##.#...#.######.##
#####........##........#..[##..
#####.......###@#...#..#..#.###
#........######.#......#....###
#.#####.......@.............#..
###.# #.####).#.######.#.######
....# #.#...<.#.###.........#
##### ###.#.....)........#....###
#.......).#.###.#..#..#....
#.#.##....#.###....#....##.
#.#.......#........#..####.
#.##...........#.#......##.
#.##.....#####.#.###.##.##.


You could see Frances (fast), an orange demon (summoned), an ice devil
(summoned) and a rust devil (summoned).

Vanquished Creatures
  Erolcha (D:9)
  A boulder beetle (D:12)
  2 two-headed ogres
  2 cyclopes (D:11)
  Joseph (D:7)
  A komodo dragon (D:10)
  A troll (D:11)
  Prince Ribbit (D:8)
  Grinder (D:3)
  3 wraiths
  2 shadows
  A wyvern (D:9)
  A slime creature (D:12)
  A vampire (D:10)
  7 yaks
  Eustachio (D:4)
  A basilisk (D:11)
  6 vampire mosquitoes (D:12)
  4 water moccasins
  5 orc warriors
  A black bear (D:5)
  An ogre (D:3)
  3 centaurs (D:9)
  A phantom (D:5)
  A kobold brigand (D:8)
  2 bullfrogs (D:8)
  A gnoll sergeant (D:12)
  6 scorpions
  5 wights (D:8)
  19 killer bees
  4 crimson imps (D:6)
  3 hounds
  2 sleepcaps
  7 orc priests
  2 jellies
  Jessica (D:2)
  A gnoll bouda (D:4)
  Natasha (thrice) (D:3)
  5 iguanas
  7 orc wizards
  4 adders
  10 gnolls
  2 white imps (D:6)
  An ufetubus (D:4)
  2 worms (D:4)
  A dart slug (D:3)
  32 orcs
  7 ball pythons
  7 endoplasms
  A giant cockroach (D:2)
  12 goblins
  4 hobgoblins
  7 quokkas
  4 bats
  4 frilled lizards
  8 kobolds
  4 rats
228 creatures vanquished.

Vanquished Creatures (others)
  A human (D:10)
1 creature vanquished.

Grand Total: 229 creatures vanquished

Notes
Turn   | Place    | Note
-------+----------+-------------------------------------------
     0 | D:1      | greenreed the Draconian Conjurer began the quest for the
                  | Orb.
     0 | D:1      | Reached XP level 1. HP: 14/14 MP: 3/3
   341 | D:1      | Reached XP level 2. HP: 14/20 MP: 0/5
  1063 | D:2      | Reached XP level 3. HP: 26/26 MP: 6/6
  1228 | D:2      | Learned a level 2 spell: Searing Ray
  1607 | D:2      | Found a faded altar of an unknown god.
  1613 | D:2      | Found Ugaas's Antique Armour Emporium.
  1673 | D:2      | Noticed Jessica
  1677 | D:2      | Killed Jessica
  2146 | D:3      | Noticed Natasha
  2154 | D:3      | Killed Natasha
  2155 | D:3      | Reached XP level 4. HP: 31/33 MP: 8/8
  2373 | D:3      | Noticed an ogre
  2472 | D:3      | Killed an ogre
  2473 | D:3      | Reached skill level 5 in Conjurations
  2473 | D:3      | Reached XP level 5. HP: 32/38 MP: 10/10
  2557 | D:3      | Noticed Grinder
  2565 | D:3      | Paralysed by Grinder for 2 turns
  2571 | D:3      | Killed Grinder
  2572 | D:3      | Reached XP level 6. HP: 45/45 MP: 5/12
  3166 | D:3      | Noticed Natasha
  3195 | D:3      | Killed Natasha
  3350 | D:3      | Noticed Natasha
  3352 | D:3      | Killed Natasha
  3370 | D:3      | Found a runed translucent door.
  3371 | D:3      | Noticed Crazy Yiuf
  3513 | D:4      | Your scales start taking on a dull iron-grey colour.
  3513 | D:4      | Reached XP level 7. HP: 49/50 MP: 10/13
  3704 | D:4      | Reached skill level 6 in Conjurations
  3724 | D:4      | Found a blossoming altar of Fedhas.
  3905 | D:4      | Reached skill level 1 in Earth Magic
  4325 | D:4      | Noticed Eustachio
  4348 | D:4      | Killed Eustachio
  4349 | D:4      | Reached skill level 5 in Spellcasting
  4502 | D:4      | Identified the +0 dagger "Ycsek" {protect, SInv}
  4563 | D:4      | Found a radiant altar of Vehumet.
  4728 | D:4      | Became a worshipper of Vehumet
  4770 | D:5      | Entered Level 5 of the Dungeon
  4895 | D:5      | Reached XP level 8. HP: 46/57 MP: 15/15
  5121 | D:5      | Reached skill level 7 in Conjurations
  5575 | D:6      | Found a shimmering blue altar of Sif Muna.
  5812 | D:6      | Found a snail-covered altar of Cheibriados.
  5906 | D:6      | Found a shimmering altar of Xom.
  6030 | D:6      | Reached * piety under Vehumet
  6030 | D:6      | Offered knowledge of Shock by Vehumet.
  6126 | D:6      | Found a bloodstained altar of Trog.
  6195 | D:6      | Found a hazy altar of Hepliaklqana.
  6260 | D:6      | Found a staircase to the Ecumenical Temple.
  6571 | D:7      | Learned a level 3 spell: Stone Arrow
  6594 | D:7      | Found a stormy altar of Qazlal.
  6716 | D:7      | Reached XP level 9. HP: 62/62 MP: 17/18
  6997 | D:7      | Reached skill level 5 in Stealth
  7208 | D:7      | Noticed Joseph
  7223 | D:7      | Killed Joseph
  7224 | D:7      | Reached skill level 8 in Conjurations
  7610 | D:8      | Found an ornate altar of the Wu Jian Council.
  7782 | D:8      | Reached ** piety under Vehumet
  7933 | D:8      | Offered knowledge of Foxfire by Vehumet.
  8198 | D:8      | Reached skill level 5 in Dodging
  8259 | D:8      | Found a white marble altar of Elyvilon.
  8267 | D:8      | Found a hide-covered altar of Uskayaw.
  8270 | D:8      | Found a glowing silver altar of Zin.
  8334 | D:8      | Noticed Prince Ribbit
  8337 | D:8      | Killed Prince Ribbit
  8338 | D:8      | Reached skill level 5 in Earth Magic
  8639 | D:2      | Bought a pair of embroidered gloves for 187 gold pieces
  8779 | D:9      | Found a sparkling altar of Nemelex Xobeh.
  8805 | D:9      | Found a runed translucent door.
  8809 | D:9      | Noticed a tengu warrior
  8811 | D:9      | Noticed mandoloar's ghost (novice HOFi)
  8835 | D:9      | Found a staircase to the Lair.
  8836 | D:9      | Noticed Erolcha
  8844 | D:9      | Killed Erolcha
  8845 | D:9      | Reached skill level 9 in Conjurations
  8845 | D:9      | Reached XP level 10. HP: 68/69 MP: 14/21
  9140 | D:10     | Entered Level 10 of the Dungeon
  9223 | D:10     | Noticed a two-headed ogre
  9263 | D:10     | Killed a two-headed ogre
  9269 | D:10     | Offered knowledge of Static Discharge by Vehumet.
  9612 | D:10     | Reached *** piety under Vehumet
  9924 | D:10     | Found a staircase to the Orcish Mines.
 10249 | D:10     | Reached skill level 10 in Conjurations
 10427 | D:10     | Found an ancient bone altar of Kikubaaqudgha.
 10766 | D:9      | Offered knowledge of Ignite Poison by Vehumet.
 10771 | D:9      | Learned a level 3 spell: Ignite Poison
 11174 | D:11     | Found a portal to a secret trove of treasure.
 11256 | D:11     | Noticed a cyclops
 11267 | D:11     | Killed a cyclops
 11268 | D:11     | Reached XP level 11. HP: 19/74 MP: 18/23
 11740 | D:11     | Noticed a two-headed ogre
 11746 | D:11     | Killed a two-headed ogre
 11941 | D:11     | Reached **** piety under Vehumet
 12054 | D:11     | Offered knowledge of Hailstorm by Vehumet.
 12663 | D:12     | Noticed a boulder beetle
 12838 | D:12     | Killed a boulder beetle
 13171 | D:12     | Got the Tractate on the Voltaic Serac
 13423 | D:12     | Noticed Frances
 13690 | D:12     | Killed from afar by Frances

Illustrated notes

Levels and vault maps discovered:
D:1:      ebering_hopf_link, layout_basic, kennysheep_doodads
D:2:      layout_loops_corners, serial_shops, nicolae_shop_tiny_glass,
          basic_ecumenical_altar, uniq_jessica
D:3:      layout_basic, uniq_natasha, uniq_crazy_yiuf_cottage, uniq_grinder
D:4:      wad_woods_stonehenge, layout_cave_pools, mainiacjoe_overflow_alcove_2,
          uniq_eustachio
D:5:      layout_gridville, roderic_malta_cross
D:6:      layout_basic, mainiacjoe_overflow_catwalk, led_xom_imps,
          kennysheep_little_box, trog_hazing_becter,
          mainiacjoe_overflow_brackets, minmay_temple_entry_nine_rooms
D:7:      layout_loops_ring, mainiacjoe_overflow_concentric_impassable,
          uniq_joseph
D:8:      layout_loops_ring, minmay_overflow_temple_star_quad,
          overflow_temple_1_default, uniq_prince_ribbit1
D:9:      layout_big_octagon, mainiacjoe_overflow_chevrons, lair_entry_dummy,
          ebering_ghost_inner_flame, feat_on_display, uniq_erolcha
D:10:     layout_cave_pools, tgw_kikubaaqudgha, david_orc_4
D:11:     layout_basic, enter_trove_2, minmay_orc_keep
D:12:     layout_loops_cross, hangedman_abyss_or_decor_passed, uniq_frances

Skill      XL: |  1  2  3  4  5  6  7  8  9 10 11 |
---------------+----------------------------------+-----
Dodging        | 2 3 4 5 6 |  6.8
Stealth        | 2 3 4 5 6 7 |  7.3
Spellcasting   | 3 4 5 6 7 8 9 |  9.5
Conjurations   | 5 6 7 9 10 | 10.9
Earth Magic    | 2 3 5 6 7 |  7.6

Action                     |  1- 3 |  4- 6 |  7- 9 | 10-12 || total
---------------------------+-------+-------+-------+-------++-------
  Melee: Unarmed           |    12 |       |    14 |       ||    26
         Tailslap          |       |       |     6 |     4 ||    10
         Dagger            |       |       |       |    28 ||    28
         Punch             |       |       |       |     2 ||     2
   Cast: Magic Dart        |    71 |    47 |   207 |   155 ||   480
         Searing Ray       |       |    10 |    38 |    27 ||    75
         Stone Arrow       |       |       |    14 |    93 ||   107
 Armour: Skin              |     7 |     8 |    43 |   116 ||   174
  Dodge: Dodged            |    10 |    11 |    51 |   193 ||   265

Table legend: (Time is in decaauts)
 A = Elapsed time spent in this place.
 B = Non-inter-level travel time spent in this place.
 C = Inter-level travel time spent in this place.
 D = Time resting spent in this place.
 E = Time spent auto-exploring this place.
 F = Levels seen in this place.
 G = Mean time per level.
                   A        B        C        D        E       F      G
               +--------+--------+--------+--------+--------+-----+--------+
         Total |  13698 |  12778 |    920 |    661 |  10481 |  12 | 1141.5 |
       Dungeon |  13698 |  12778 |    920 |    661 |  10481 |  12 | 1141.5 |
               +--------+--------+--------+--------+--------+-----+--------+

Top non-repeatable levels by time:
    D:11: 1585 daAuts
    D:10: 1489 daAuts
     D:3: 1473 daAuts
     D:4: 1307 daAuts
     D:2: 1271 daAuts
     D:6: 1094 daAuts
     D:8: 1037 daAuts
     D:7: 960 daAuts
    D:12: 935 daAuts
     D:1: 916 daAuts
     D:9: 848 daAuts
     D:5: 777 daAuts
